 Dungeon Crawl Stone Soup version 0.24.0-123-gd5b16e6ec5 (webtiles) character file.

Game seed: 11710373437968529695, levelgen mode: deterministic

1491 Hybris the Thaumaturge (level 8, -2/58 HPs)
             Began as a Gnoll Wizard on Dec 24, 2019.
             Slain by an unseen horror (6 damage)
             ... on level 5 of the Dungeon.
             The game lasted 00:23:06 (4184 turns).

Hybris the Thaumaturge (Gnoll Wizard)               Turns: 4184, Time: 00:23:07

Health: -2/58      AC:  3    Str: 10    XL:     8   Next: 80%
Magic:  13/20      EV: 15    Int: 22    God:
Gold:   194        SH:  0    Dex: 14    Spells: 12/23 levels left

rFire    . . .     SeeInvis .   e - +2 dagger (protect)
rCold    . . .     Gourm    .   (no shield)
rNeg     . . .     Faith    .   a - +0 robe
rPois    .         Spirit   .   b - +0 hat
rElec    .         Reflect  .   v - +0 cloak
rCorr    .         Harm     .   (no gloves)
MR       .....                  (no boots)
Stlth    +++.......             (no amulet)
HPRegen  0.19/turn              p - ring of flight
MPRegen  0.17/turn              (no ring)

@: studying Unarmed Combat
A: distributed training, fangs 1, strong nose
a: Evoke Flight


You were on level 5 of the Dungeon.
You were not hungry.

You visited 1 branch of the dungeon, and saw 5 of its levels.

You collected 218 gold pieces.
You spent 24 gold pieces at shops.

Inventory:

Hand Weapons
 e - a +2 dagger of protection (weapon)
Missiles
 q - 10 poisoned darts (quivered)
Armour
 a - a +0 robe (worn)
 b - a +0 hat (worn)
 v - a +0 cloak (worn)
Jewellery
 p - a ring of flight (left hand)
Wands
 t - a wand of acid (9)
 u - a wand of flame (6)
Scrolls
 c - 2 scrolls of blinking
 f - a scroll of amnesia
 i - a scroll of immolation {unknown}
 j - a scroll of random uselessness {unknown}
 k - 2 scrolls of fear
 l - 2 scrolls of enchant weapon
 m - 2 scrolls of enchant armour
 o - 3 scrolls of teleportation
 s - 3 scrolls of remove curse
 y - a scroll of magic mapping {unknown}
 B - a scroll of noise {unknown}
 C - a scroll of fog
Potions
 g - a potion of flight {unknown}
 h - 2 potions of curing
 n - a potion of magic {unknown}
 w - 2 potions of lignification
 z - 2 potions of heal wounds {unknown}
 A - 2 potions of brilliance {unknown}
 E - a potion of agility {unknown}
Books
 x - a manual of Unarmed Combat
Comestibles
 d - 10 rations
 D - 8 chunks of flesh


   Skills:
 + Level 3.5 Fighting
 + Level 3.5 Short Blades
 + Level 3.5 Long Blades
 + Level 3.5 Axes
 + Level 3.5 Maces & Flails
 + Level 3.5 Polearms
 + Level 3.5 Staves
 + Level 3.5 Slings
 + Level 3.5 Bows
 + Level 3.5 Crossbows
 + Level 3.5 Throwing
 + Level 3.5 Armour
 + Level 5.8 Dodging
 + Level 5.5 Stealth
 + Level 3.5 Shields
 + Level 3.8 Unarmed Combat
 + Level 8.0 Spellcasting
 + Level 3.6 Conjurations
 + Level 2.9 Hexes
 + Level 2.9 Charms
 + Level 3.6 Summonings
 + Level 2.9 Necromancy
 + Level 3.6 Translocations
 + Level 2.9 Transmutations
 + Level 2.9 Fire Magic
 + Level 2.9 Ice Magic
 + Level 2.9 Air Magic
 + Level 2.9 Earth Magic
 + Level 2.9 Poison Magic
 + Level 3.9 Invocations
 + Level 3.5 Evocations


You had 12 spell levels left.
You knew the following spells:

 Your Spells              Type           Power        Failure   Level  Hunger
a - Magic Dart            Conj           ###.         1%          1    None
b - Blink                 Tloc           N/A          2%          2    None
c - Call Imp              Summ           ###.....     2%          2    None
d - Conjure Flame         Conj/Fire      ###.....     6%          3    None
e - Mephitic Cloud        Conj/Pois/Air  ###.....     6%          3    None

Your spell library contained the following spells:

 Spells                   Type           Power        Failure   Level  Hunger
 Slow                     Hex            ###.....     3%          2    None


Dungeon Overview and Level Annotations

Branches:
Dungeon (5/15)
 Temple: D:4-7

Altars:
Ashenzari

Shops:
D:5 ?

Annotations:
D:5 2 transporters, H0rd4k's ghost, amateur DEWz


Innate Abilities, Weirdness & Mutations

Your experience applies equally to all skills.
You have very sharp teeth.
Your uncanny sense of smell can sniff out nearby items.


Message History

Cast which spell? (? or * to list)
Aiming: Mephitic Cloud (safe; 6% risk of failure)
Press: ? - help, Shift-Dir - straight line The ball explodes into a vile cloud!
The stinking cloud engulfs something but does no damage.
Something hits you! Something hits you!
You see here a +0 ring mail.
Something hits you.
* * * LOW HITPOINT WARNING * * *
Something hits you.
* * * LOW HITPOINT WARNING * * *
Casting: Mephitic Cloud (safe; 6% risk of failure)
Confirm with . or Enter, or press ? or * to list all spells.
You blink.
Some of the chunks of flesh in your inventory have rotted away.
Something hits you!
* * * LOW HITPOINT WARNING * * *
Something hits you.
You die...

#......... #.######## #.# # #.#
#.# ######### #.# ........## #.#
.........###############.#
..#####........{@........# ..#
###..###...################## ..#
#....#...#......# #.........
..###.#..#.#.#.#.##.####.###.####
...÷..##....###..##......# #.#©..
..##[.#######.##....###### #.#..#
..###...........##[.# #.#.#% #.#
#.#######.##..).########.#.#. #.#
#.# ###..##.#..÷....©#[W#


There were no monsters in sight!

Vanquished Creatures
  Pikel (D:5)
  Menkaure (D:5)
  An ice beast (D:5)
  A slave (D:5)
  2 phantoms
  2 ogres
  A scorpion (D:3)
  A hound (D:4)
  2 centaur skeletons
  2 jellies
  3 orc priests
  Crazy Yiuf (D:3)
  An iguana (D:5)
  Ijyb (D:3)
  3 orc wizards
  A worker ant (D:4)
  A hound skeleton (D:4)
  A gnoll (D:4)
  8 adders
  An ooze (D:2)
  3 worms
  3 dart slugs
  3 leopard geckos
  15 orcs
  3 giant cockroaches
  10 hobgoblins
  8 jackals
  5 quokkas
  A ball python (D:1)
  5 bats
  6 frilled lizards
  2 goblins (D:2)
  A jackal skeleton (D:4)
  8 kobolds
  3 rats
111 creatures vanquished.

Vanquished Creatures (others)
  3 slaves (D:5)
  An iguana (D:5)
  4 gnolls (D:5)
8 creatures vanquished.

Grand Total: 119 creatures vanquished

Notes
Turn   | Place    | Note
-------+----------+-------------------------------------------
     0 | D:1      | Hybris the Gnoll Wizard began the quest for the Orb.
     0 | D:1      | Reached XP level 1. HP: 13/13 MP: 8/8
   174 | D:1      | Reached XP level 2. HP: 19/19 MP: 6/10
   702 | D:2      | Reached XP level 3. HP: 25/25 MP: 7/11
   747 | D:1      | Learned a level 2 spell: Blink
   750 | D:1      | Learned a level 2 spell: Call Imp
   754 | D:1      | Learned a level 3 spell: Conjure Flame
   758 | D:1      | Learned a level 3 spell: Mephitic Cloud
   868 | D:2      | Reached skill level 1 in Invocations
  1030 | D:2      | Reached skill level 1 in Fighting
  1030 | D:2      | Reached skill level 1 in Short Blades
  1030 | D:2      | Reached skill level 1 in Long Blades
  1030 | D:2      | Reached skill level 1 in Axes
  1030 | D:2      | Reached skill level 1 in Maces & Flails
  1030 | D:2      | Reached skill level 1 in Polearms
  1030 | D:2      | Reached skill level 1 in Staves
  1030 | D:2      | Reached skill level 1 in Slings
  1030 | D:2      | Reached skill level 1 in Bows
  1030 | D:2      | Reached skill level 1 in Crossbows
  1030 | D:2      | Reached skill level 1 in Throwing
  1030 | D:2      | Reached skill level 1 in Armour
  1030 | D:2      | Reached skill level 1 in Shields
  1030 | D:2      | Reached skill level 1 in Unarmed Combat
  1030 | D:2      | Reached skill level 1 in Evocations
  1108 | D:2      | Reached XP level 4. HP: 29/32 MP: 5/13
  1690 | D:3      | Reached skill level 1 in Hexes
  1690 | D:3      | Reached skill level 1 in Charms
  1690 | D:3      | Reached skill level 1 in Necromancy
  1690 | D:3      | Reached skill level 1 in Transmutations
  1690 | D:3      | Reached skill level 1 in Fire Magic
  1690 | D:3      | Reached skill level 1 in Ice Magic
  1690 | D:3      | Reached skill level 1 in Air Magic
  1690 | D:3      | Reached skill level 1 in Earth Magic
  1690 | D:3      | Reached skill level 1 in Poison Magic
  1690 | D:3      | Reached XP level 5. HP: 37/37 MP: 10/14
  1837 | D:3      | Found a shattered altar of Ashenzari.
  1858 | D:3      | Noticed Ijyb
  1877 | D:3      | Killed Ijyb
  2048 | D:3      | Found a runed translucent door.
  2049 | D:3      | Noticed Crazy Yiuf
  2069 | D:3      | Killed Crazy Yiuf
  2251 | D:4      | Noticed an ogre
  2268 | D:4      | Reached XP level 6. HP: 41/44 MP: 16/16
  2284 | D:3      | Reached skill level 5 in Dodging
  2543 | D:4      | Reached XP level 7. HP: 48/50 MP: 18/18
  3565 | D:5      | Entered Level 5 of the Dungeon
  3573 | D:5      | Reached skill level 5 in Stealth
  3755 | D:5      | Noticed Pikel
  3770 | D:5      | Killed Pikel
  3770 | D:5      | Reached XP level 8. HP: 41/58 MP: 12/19
  3924 | D:5      | Found Gesanad's Magic Scroll Emporium.
  3957 | D:5      | Bought a scroll of fog for 24 gold pieces
  3957 | D:5      | Found a transporter.
  3967 | D:5      | Noticed H0rd4k's ghost (amateur DEWz)
  3969 | D:5      | Identified the +4 great mace of the Horn {crush, Str+8}
  3971 | D:5      | Found a transporter.
  4076 | D:5      | Reached skill level 8 in Spellcasting
  4165 | D:5      | Noticed Menkaure
  4170 | D:5      | Killed Menkaure
  4184 | D:5      | Slain by an unseen horror

Levels and vault maps discovered:
D:1:      minmay_arrival_four_loops, layout_rooms, hex_large, minivault_4
D:2:      layout_basic
D:3:      layout_rooms, ashenzari_conservatory_becter, uniq_ijyb,
          uniq_crazy_yiuf_cottage
D:4:      layout_loops_ring, first_ration, minmay_joined_circles
D:5:      layout_loops_ring, gammafunk_ghost_smash, serial_shops,
          shop_fountains, minmay_manual_monstrance, uniq_pikel, uniq_menkaure

Skill      XL: |  1  2  3  4  5  6  7  8 |
---------------+-------------------------+-----
Conjurations   | 2 3 |  3.6
Summonings     | 2 3 |  3.6
Translocations | 2 3 |  3.6
Invocations    | 1 2 3 |  3.9
Fighting       | 1 2 3 |  3.5
Short Blades   | 1 2 3 |  3.5
Long Blades    | 1 2 3 |  3.5
Axes           | 1 2 3 |  3.5
Maces & Flails | 1 2 3 |  3.5
Polearms       | 1 2 3 |  3.5
Staves         | 1 2 3 |  3.5
Slings         | 1 2 3 |  3.5
Bows           | 1 2 3 |  3.5
Crossbows      | 1 2 3 |  3.5
Throwing       | 1 2 3 |  3.5
Armour         | 1 2 3 |  3.5
Shields        | 1 2 3 |  3.5
Unarmed Combat | 1 2 3 |  3.8
Evocations     | 1 2 3 |  3.5
Hexes          | 1 2 |  2.9
Charms         | 1 2 |  2.9
Necromancy     | 1 2 |  2.9
Transmutations | 1 2 |  2.9
Fire Magic     | 1 2 |  2.9
Ice Magic      | 1 2 |  2.9
Air Magic      | 1 2 |  2.9
Earth Magic    | 1 2 |  2.9
Poison Magic   | 1 2 |  2.9
Dodging        | 5 |  5.8
Stealth        | 5 |  5.5
Spellcasting   | 8 |  8.0

Action                   |  1- 3 |  4- 6 |  7- 9 || total
-------------------------+-------+-------+-------++-------
Melee: Dagger            |    71 |    99 |   161 ||   331
       Bite              |     8 |     9 |    13 ||    30
       Punch             |       |     1 |       ||     1
Throw: Dart              |       |    16 |       ||    16
 Cast: Magic Dart        |    77 |    57 |   103 ||   237
       Mephitic Cloud    |       |     7 |     5 ||    12
       Blink             |       |     1 |     3 ||     4
       Conjure Flame     |       |       |     1 ||     1
Evoke: Wand              |       |       |     7 ||     7
  Use: Scroll            |       |     5 |     5 ||    10
 Stab: Sleeping          |     1 |     2 |       ||     3
       Confused          |       |     1 |     2 ||     3
  Eat: Chunk             |     1 |     4 |     6 ||    11
Armor: Robe              |    15 |    21 |    41 ||    77
Dodge: Dodged            |    63 |    78 |    75 ||   216
